 Dungeon Crawl Stone Soup version 0.31-a0-177-g4aa6249778 (webtiles) character file.

Game seed: 15167106581505585295

21763 mdonais the Fighter (level 12, -5/81 HPs)
             Began as an Octopode Wanderer on June 17, 2023.
             Was an Elder of Hepliaklqana.
             Slain by a reaper
             ... wielding a +4 scythe of freezing
              (24 damage)
             ... in an ice cave on June 18, 2023.
             The game lasted 01:32:07 (18981 turns).

mdonais the Fighter (Octopode Wanderer)            Turns: 18981, Time: 01:32:08

Health: -5/81      AC:  2    Str: 15    XL:     12   Next: 93%
Magic:  11/18      EV: 25    Int: 18    God:    Hepliaklqana [****..]
Gold:   213        SH:  5    Dex: 20    Spells: 0/19 levels left

rFire   + +          .
                       - Unarmed
rCold   . . .        j - melded +3 buckler
rNeg    . . .        (helmet currently unavailable)
rPois   x            C - amulet of reflection
rElec   .            k - ring of wizardry
rCorr   +            g - ring of resist corrosion
SInv    +            E - +6 ring of dexterity
Will    +....        A - ring of Mistrust {Fly rF++ Int+2 Dex-2 SInv}
Stlth   +++          a - ring of willpower
HPRegen 0.33/turn    (no ring)
MPRegen 0.16/turn    (no ring)
                     (no ring)

%: reflection, wizardry (x1)
@: spider-form, flying, studying 2 skills
A: venomous fangs, reduced essence, almost no armour, (amphibious), 8 rings,
tiny, (camouflage 1), (gelatinous body 1), (nimble swimmer 1), (tentacles),
(fire resistance 1), (electricity resistance)
a: End Transformation, Renounce Religion, Recall Ancestor, Ancestor Identity,
Transference, Idealise


You were in an ice cave.
You worshipped Hepliaklqana.
Hepliaklqana was greatly pleased with you.
You were a venomous arachnid creature.
You visited 2 branches of the dungeon, and saw 14 of its levels.
You also visited: Ice Cave.

You collected 846 gold pieces.
You spent 633 gold pieces at shops.

Inventory:

Hand Weapons
 w - a +4 short sword of draining
   (You found it on level 5 of the Dungeon)
 x - a +4 war axe of electrocution
   (You took it off a wight on level 5 of the Dungeon)
 y - a +3 rapier
   (You took it off Eustachio on level 5 of the Dungeon)
 O - a +4 dagger of freezing
   (You took it off a wight on level 8 of the Dungeon)
 S - the +11 hand axe "Vozo" {speed, +Blink rF- Dex+3}
   (You found it on level 9 of the Dungeon)

   Dex:       It affects your dexterity (+3).
   rF:        It makes you vulnerable to fire.
   +Blink:    It lets you blink.
Missiles
 e - 21 poisoned darts
 t - 11 boomerangs
 u - a silver boomerang
 v - 6 javelins
 F - 2 curare-tipped darts (quivered)
 G - 4 datura-tipped darts
 J - 3 atropa-tipped darts
 Z - 2 throwing nets {=!f}
Armour
 j - a +3 buckler (melded)
   (You found it on level 6 of the Dungeon)
Magical Staves
 n - a staff of death
   (You found it on level 5 of the Dungeon)
 q - a staff of earth
   (You found it on level 8 of the Dungeon)
 K - a staff of fire
   (You found it on level 6 of the Dungeon)
Jewellery
 a - a ring of willpower (on tentacle)
   (You bought it in a shop on level 10 of the Dungeon)
 b - an amulet of magic regeneration
   (You found it on level 4 of the Dungeon)
 g - a ring of resist corrosion (right front pincers)
   (You found it on level 1 of the Dungeon)
 k - a ring of wizardry (left front pincers)
   (You found it on level 2 of the Dungeon)
 A - the ring of Mistrust (on tentacle) {Fly rF++ Int+2 Dex-2 SInv}
   (You found it on level 7 of the Dungeon)

   [ring of see invisible]

   Int:       It affects your intelligence (+2).
   Dex:       It affects your dexterity (-2).
   rF:        It greatly protects you from fire.
   SInv:      It lets you see invisible.
   Fly:       It grants you flight.
 C - an amulet of reflection (around neck)
   (You found it on level 8 of the Dungeon)
 E - a +6 ring of dexterity (on tentacle)
   (You found it on level 6 of the Dungeon)
Wands
 i - a wand of mindburst (12)
   (You found it on level 8 of the Dungeon)
 D - a wand of digging (5)
   (You took it off an orc warrior on level 8 of the Dungeon)
 V - a wand of flame (3)
   (You took it off an orc on level 8 of the Dungeon)
Scrolls
 f - 2 scrolls of vulnerability
 l - a scroll of amnesia
 p - a scroll of fear
 B - 2 scrolls of blinking
 M - a scroll of enchant weapon
 N - a scroll of brand weapon
 T - 7 scrolls of teleportation
 U - 3 scrolls of fog
 X - a scroll of immolation
 Y - 2 scrolls of enchant armour
Potions
 d - a potion of resistance
 h - a potion of ambrosia {unknown}
 m - a potion of cancellation {unknown}
 o - 2 potions of enlightenment {unknown}
 r - 2 potions of might {unknown}
 s - 2 potions of brilliance
 z - 3 potions of lignification
 H - a potion of degeneration {unknown}
 I - a potion of invisibility
 L - a potion of mutation
 Q - 2 potions of curing
 W - a potion of haste {unknown}
Miscellaneous
 c - a piece from Xom's chessboard (15/15)
 P - a phantom mirror
   (You found it on level 8 of the Dungeon)


   Skills:
 * Level 11.8 Fighting
 - Level 3.0(3.6) Axes
 - Level 3.0(3.6) Maces & Flails
 + Level 7.2 Dodging
 + Level 5.0 Stealth
 - Level 4.0 Shields
 * Level 11.4 Unarmed Combat
 - Level 4.0 Spellcasting
 - Level 7.0 Summonings
 - Level 5.0 Transmutations
 - Level 3.1 Poison Magic
 - Level 1.0 Invocations
 - Level 3.2 Evocations


You couldn't memorise any spells.
You knew the following spells:

 Your Spells              Type           Power      Damage    Failure   Level
a - Call Canine Familiar  Summ           28%        N/A       4%          3
b - Spider Form           Tmut/Pois      18%        N/A       9%          3
c - Wereblood             Tmut           21%        N/A       4%          2
d - Storm Form            Tmut/Air       6%         N/A       100%        7
e - Manifold Assault      Tloc           3%         N/A       65%         4

Your spell library contained the following spells:

 Spells                   Type           Power      Damage    Failure   Level
 Beastly Appendage        Tmut           42%        N/A       3%          1
 Gell's Gravitas          Tloc           3%         N/A       32%         3
 Portal Projectile        Hex/Tloc       6%         N/A       32%         3
 Teleport Other           Tloc           3%         N/A       32%         3
 Anguish                  Hex/Necr       1%         N/A       65%         4
 Cause Fear               Hex            1%         N/A       65%         4
 Leda's Liquefaction      Hex/Erth       1%         N/A       65%         4
 Iskenderun's Battlesphe  Conj           3%         2d6       90%         5
 Dispersal                Tloc           1%         N/A       100%        6
 Leda's Unmaking          Conj/Erth      1%         9d1       100%        6
 Enfeeble                 Hex            1%         N/A       100%        7
 Spellforged Servitor     Conj/Summ      8%         N/A       100%        7
 Disjunction              Tloc           1%         N/A       100%        8
 Maxwell's Capacitive Co  Air            1%         ∞         100%        8


Dungeon Overview and Level Annotations

Branches:
Dungeon (13/15) Zot: 26421  Temple (1/1) D:6 Zot: 5853    Lair (0/5) D:11
    Orc (0/2) D:10          IceCv (1/1) Zot: 3771
 Vaults: D:13-14

Altars:
Ashenzari
Cheibriados
Dithmenos
Elyvilon
Fedhas
Gozag
Hepliaklqana
Kikubaaqudgha
Makhleb
Nemelex Xobeh
Okawaru
Qazlal
Ru
Sif Muna
Trog
Uskayaw
Vehumet
Wu Jian
Xom
Yredelemnul
Zin
The Shining One

Shops:
D:4 *   D:8 [   D:9 (   D:10 =

Annotations:
D:5 gargoyle
D:13 hgbash's ghost, journeyman TrFi


Innate Abilities, Weirdness & Mutations

You are a venomous arachnid creature.
You have venomous fangs.
You are tiny and dextrous.
Your spellcasting is less reliable in this form.
Your armour is entirely melded.
You are incapable of wielding weapons or throwing items.
Your life essence is reduced to manifest your ancestor. (-10% HP)
You cannot wear most types of armour.
((You are amphibious.))
You can wear up to eight rings at the same time.
((Your skin changes colour to match your surroundings (Stealth+).))
((Your rubbery body absorbs attacks. (AC +1, EV +1)))
((You are camouflaged when in or above water. (Stealth+)))
((You have tentacles for arms and can constrict up to eight enemies at once.))
((Your flesh is heat resistant. (rF+)))
((You are resistant to electric shocks. (rElec)))


Message History

Your hound misses the ice devil.
Your hound bites the ice devil but does no damage.
Your hound completely misses the ice devil.
Your hound bites the ice devil but does no damage.
Your hound bites the ice devil but does no damage.
Your hound completely misses the ice devil.
Your hound bites the ice devil but does no damage.
Your hound bites the ice devil but does no damage.
Your hound barely misses the ice devil.
Your hound bites the ice devil but does no damage.
Casting: Call Canine Familiar (safe; 1% risk of failure)
Confirm with . or Enter, or press ? or * to list all spells.
You turn into a venomous arachnid creature.
Your +3 buckler melds into your body.
Your hound closely misses the ice devil.
You now have 15/18 mp.
Your hound barely misses the ice devil.
Your hound bites the ice devil but does no damage.
Your hound bites the ice devil but does no damage.
You block the ice devil's attack.
You hit the ice devil.
The ice devil is moderately wounded.
Your hound completely misses the ice devil.
The ice devil barely misses you.
You barely miss the ice devil.
The ice devil is moderately wounded.
Your hound closely misses the ice devil.
You block the ice devil's attack.
You bite the ice devil!
The ice devil is heavily wounded.
Your hound closely misses the ice devil. x2
You bite the ice devil!
The ice devil is severely wounded.
The ice devil barely misses you.
Your hound barely misses the ice devil.
You hit the ice devil.
The ice devil is severely wounded.
Your hound barely misses the ice devil.
The ice devil hits you! The ice devil freezes you!!
You take 33 damage, and have 48/81 hp.
MASSIVE DAMAGE!!
You bite the ice devil!
The ice devil is poisoned.
The ice devil is almost dead.
Your hound bites the ice devil.
The ice devil completely misses you.
You hit the ice devil.
The ice devil is almost dead.
Your hound bites the ice devil but does no damage.
Your hound bites the ice devil but does no damage.
Your hound barely misses the ice devil.
Your hound barely misses the ice devil.
Your hound misses the ice devil.
Your hound barely misses the ice devil.
Your hound bites the ice devil but does no damage.
Your hound bites the ice devil but does no damage.
The ice devil hits your hound. The ice devil freezes your hound!!
Your hound dies!
Your hound's corpse disappears in a puff of smoke!
You kill the ice devil!
Your Stealth skill increases to level 5!
Casting: Spider Form (dangerous; 9% risk of failure)
Confirm with . or Enter, or press ? or * to list all spells.
Your transformation is almost over.
You now have 14/18 mp.
You start resting.
Squidly emerges from the mists of memory!
You regained 2 hp, and now have 54/81 hp.
You start resting.
Your transformation has ended.
Your +3 buckler unmelds from your body.
You start resting.
Magic restored.
You regained 3 hp, and now have 58/81 hp.
MP restored: 18 You start resting.
Your hound disappears in a puff of smoke!
HP restored.
Health restored: 81
Casting: Call Canine Familiar (safe; 1% risk of failure)
Confirm with . or Enter, or press ? or * to list all spells.
You now have 15/18 mp.
You swap places.
MP restored: 18
Press: ? - help, v - describe, . - travel
Here: a reaper, wielding a +4 scythe of freezing, wearing a +2 robe of cold resistance and wearing a ring of protection from cold (ally target)
The floor.
Squidly hits the reaper but does no damage.
The reaper hits Squidly with a +4 scythe of freezing!
The reaper freezes Squidly.
The reaper hits your hound with a +4 scythe of freezing!!
The reaper freezes your hound.
Your hound dies!
Your hound's corpse disappears in a puff of smoke!
Squidly hits the reaper with a +0 dagger of draining!
Squidly hits the reaper but does no damage.
Squidly hits the reaper but does no damage. x2
Casting: Call Canine Familiar (safe; 1% risk of failure)
Confirm with . or Enter, or press ? or * to list all spells.
Squidly hits the reaper but does no damage.
Squidly hits the reaper with a +0 dagger of draining!
You now have 15/18 mp.
The reaper completely misses your hound.
Your hound bites the reaper but does no damage.
Squidly misses the reaper.
Squidly hits the reaper with a +0 dagger of draining.
Your hound bites the reaper but does no damage.
The reaper hits your hound with a +4 scythe of freezing!
The reaper freezes your hound.
Your hound dies!
Your hound's corpse disappears in a puff of smoke!
Squidly closely misses the reaper.
Squidly hits the reaper but does no damage.
Casting: Call Canine Familiar (safe; 1% risk of failure)
Confirm with . or Enter, or press ? or * to list all spells.
You now have 12/18 mp.
You swap places.
Squidly hits the reaper but does no damage.
Squidly hits the reaper with a +0 dagger of draining.
Squidly hits the reaper but does no damage.
Squidly completely misses the reaper.
Squidly hits the reaper but does no damage.
Squidly hits the reaper with a +0 dagger of draining!
Squidly hits the reaper with a +0 dagger of draining!
Squidly barely misses the reaper.
Squidly hits the reaper with a +0 dagger of draining!
Squidly points at the reaper and mumbles some strange words.
The reaper resists with almost no effort.
The reaper hits Squidly with a +4 scythe of freezing!!
The reaper freezes Squidly.
Squidly hits the reaper but does no damage.
Casting: Call Canine Familiar (safe; 1% risk of failure)
Confirm with . or Enter, or press ? or * to list all spells.
You turn into a venomous arachnid creature.
Your +3 buckler melds into your body.
The reaper hits Squidly with a +4 scythe of freezing!
The reaper freezes Squidly.
Squidly is destroyed!
You now have 10/18 mp.
The reaper smiles without lips.
The reaper hits you with a +4 scythe of freezing!
The reaper freezes you.
You take 14 damage, and have 67/81 hp.
You hit the reaper.
The reaper is poisoned.
The reaper is severely wounded.
The reaper completely misses you.
You hit the reaper but do no damage.
The reaper looks as sick as possible!
The reaper is severely wounded.
The reaper hits you with a +4 scythe of freezing!!!
Ouch! That really hurt!
The reaper freezes you!
* * * LOW HITPOINT WARNING * * *
You take 49 damage, and have 19/81 hp.
MASSIVE DAMAGE!!
The reaper hits you from afar with a +4 scythe of freezing!!
You die...

#...## #......##......##......
...## #....###......##..#....
..## #....#........#§§§.☼..#
#..## ##.....##..####§§#§..#
##..# ###....##.....☼§§§#
##..#### ###..........§#
#....#.### ###2........##
.........####≈≈≈######...###
...........###≈≈s# ###...##
.............##h#########...##
.........#.........##..)##...##
........###.#...........[###..#
.......## ######..##.....##...#
...##### #...##....####..##
#### #...###.###...###
##....###....## ##........###


You could see a reaper (extremely poisoned, ally target) and a friendly hound
(summoned).

Vanquished Creatures
  A centaur warrior (D:8)
  A death knight (D:8)
  A two-headed ogre (D:5)
  A boulder beetle (D:8)
  A tengu warrior (D:8)
  A deep elf pyromancer (D:8)
  A manticore (D:8)
  A cyclops (D:10)
  2 ice statues (IceCv)
  2 unseen horrors
  3 ice devils (IceCv)
  A komodo dragon (D:10)
  5 trolls
  A slime creature (D:12)
  2 shadows
  4 wyverns
  Eustachio (D:5)
  10 yaks
  2 vampire mosquitoes (D:12)
  2 steam dragons
  Menkaure (D:5)
  An acid dragon (D:6)
  A water moccasin (D:7)
  6 orc warriors
  2 sky beasts
  An ice beast (D:5)
  6 centaurs
  3 phantoms (D:4)
  3 kobold brigands
  3 bullfrogs
  4 scorpions
  2 two-headed ogre simulacra (D:11)
  A water moccasin zombie (D:4)
  3 wights
  6 killer bees (D:7)
  An elephant simulacrum (IceCv)
  2 howler monkeys
  A hexer (IceCv)
  5 hounds
  A jelly (D:7)
  9 orc priests
  Jessica (D:3)
  3 iguanas
  17 orc wizards
  A troll simulacrum (D:11)
  A spriggan simulacrum (IceCv)
  2 wolf simulacra (IceCv)
  A hound skeleton (D:4)
  5 gnolls
  A howler monkey skeleton (D:4)
  10 adders
  A naga simulacrum (IceCv)
  3 white imps
  5 ufetubi
  An adder zombie (D:4)
  An adder skeleton (D:4)
  A worm (D:3)
  5 dart slugs
  41 orcs
  7 endoplasms
  2 giant cockroaches (D:3)
  7 goblins
  11 hobgoblins
  14 kobolds
  6 quokkas
  7 ball pythons
  10 bats
  3 frilled lizards
  6 rats
278 creatures vanquished.

Vanquished Creatures (collateral kills)
  Maggie (D:8)
  A gargoyle (D:5)
  3 ice devils (IceCv)
  2 trolls (D:11)
  A hornet (D:10)
  A slime creature (D:12)
  Sigmund (D:5)
  A vampire (D:10)
  A dire elephant simulacrum (IceCv)
  A shadow (D:8)
  8 yaks
  A wraith (D:8)
  A vampire mosquito (D:12)
  A death yak simulacrum (IceCv)
  A hydra simulacrum (IceCv)
  A water moccasin (D:11)
  2 orc warriors (D:8)
  3 black bears
  3 ice beasts
  2 ogres (D:5)
  2 kobold brigands
  2 bullfrogs (D:8)
  A two-headed ogre simulacrum (IceCv)
  9 wights
  An elephant simulacrum (IceCv)
  A howler monkey (D:8)
  2 hounds
  An orc priest (D:8)
  2 gnoll boudas
  A sleepcap (D:7)
  5 iguanas
  4 orc wizards
  A polar bear simulacrum (IceCv)
  A wolf simulacrum (IceCv)
  A gnoll (D:4)
  3 naga simulacra (IceCv)
  4 adders
  3 white imps
  An ufetubus (IceCv)
  22 orcs
  3 endoplasms (D:4)
  A goblin (D:4)
  6 kobolds
  A quokka (D:5)
114 creatures vanquished.

Vanquished Creatures (others)
  4 ancestors (D:7)
  12 hexers
  2 gnolls (D:5)
18 creatures vanquished.

Grand Total: 410 creatures vanquished

Notes
Turn   | Place    | Note
-------+----------+-------------------------------------------
     0 | D:1      | mdonais the Octopode Wanderer began the quest for the Orb.
     0 | D:1      | mdonais set off with the following items: a +2 mace, a +0
                  | hand axe, a piece from Xom's chessboard (15/15), a potion
                  | of lignification.
     0 | D:1      | Reached XP level 1. HP: 11/11 MP: 1/1
    19 | D:1      | Reached skill level 1 in Stealth
    95 | D:1      | Reached XP level 2. HP: 17/17 MP: 2/2
   459 | D:1      | Reached XP level 3. HP: 21/21 MP: 3/3
   836 | D:2      | Reached skill level 1 in Fighting
  1101 | D:2      | Reached XP level 4. HP: 29/29 MP: 4/4
  1652 | D:3      | Noticed Jessica
  1662 | D:3      | Killed Jessica
  1663 | D:3      | Reached XP level 5. HP: 27/36 MP: 5/5
  2038 | D:3      | Found a radiant altar of Vehumet.
  2257 | D:3      | Learned a level 3 spell: Call Canine Familiar
  2478 | D:4      | Reached skill level 1 in Summonings
  2502 | D:4      | Reached skill level 1 in Spellcasting
  2728 | D:4      | Reached XP level 6. HP: 35/43 MP: 7/7
  3376 | D:4      | Reached XP level 7. HP: 6/48 MP: 10/10
  3377 | D:4      | Gained mutation: You expend magic power (3 MP) to
                  | strengthen your wands. [potion of mutation]
  3377 | D:4      | Gained mutation: You occasionally lose the ability to drink
                  | potions when taking damage. [potion of mutation]
  3707 | D:4      | Reached skill level 5 in Fighting
  4078 | D:4      | Found Goigrat's General Store.
  4263 | D:5      | Entered Level 5 of the Dungeon
  4275 | D:5      | Noticed Menkaure
  4287 | D:5      | Reached XP level 8. HP: 29/56 MP: 12/12
  4480 | D:5      | Found an ancient bone altar of Kikubaaqudgha.
  4480 | D:5      | Noticed Eustachio
  4581 | D:5      | Killed Menkaure
  4582 | D:5      | Reached skill level 5 in Summonings
  5008 | D:5      | Reached skill level 1 in Dodging
  5329 | D:5      | Killed Eustachio
  5330 | D:5      | Reached XP level 9. HP: 64/64 MP: 13/13
  5421 | D:5      | Noticed Sigmund
  5439 | D:5      | Killed Sigmund
  5647 | D:5      | Noticed a gargoyle
  5647 | D:5      | Noticed a two-headed ogre
  6180 | D:5      | Killed a two-headed ogre
  6181 | D:5      | Reached skill level 1 in Unarmed Combat
  7539 | D:6      | Reached XP level 10. HP: 60/72 MP: 14/16
  7682 | D:6      | Found a staircase to the Ecumenical Temple.
  7692 | Temple   | Entered the Ecumenical Temple
  7825 | Temple   | Became a worshipper of Hepliaklqana the Forgotten
  7873 | D:6      | Reached skill level 1 in Shields
  7885 | D:6      | Found a glowing silver altar of Zin.
  7957 | D:6      | Reached skill level 5 in Unarmed Combat
  8836 | D:7      | Reached skill level 5 in Dodging
  9034 | D:7      | Reached * piety under Hepliaklqana
  9046 | D:7      | Reached skill level 1 in Transmutations
  9046 | D:7      | Reached skill level 1 in Poison Magic
  9598 | D:7      | Identified the ring of Mistrust {Fly rF++ Int+2 Dex-2 SInv}
  9970 | D:4      | Bought a book of Changes for 252 gold pieces
  9970 | D:4      | Bought a scroll of poison for 56 gold pieces
  9975 | D:4      | Learned a level 3 spell: Spider Form
  9978 | D:4      | Learned a level 2 spell: Wereblood
 10005 | D:5      | Killed a gargoyle
 10396 | D:5      | Found an ancient bone altar of Kikubaaqudgha.
 10757 | D:7      | HP: 3/64 [poisoned by a killer bee]
 10760 | D:7      | Lost mutation: You occasionally lose the ability to drink
                  | potions when taking damage. [potion of mutation]
 10760 | D:7      | Lost mutation: You expend magic power (3 MP) to strengthen
                  | your wands. [potion of mutation]
 10760 | D:7      | Gained mutation: Your flesh is heat resistant. (rF+)
                  | [potion of mutation]
 10760 | D:7      | Gained mutation: You are resistant to electric shocks.
                  | (rElec) [potion of mutation]
 11227 | D:7      | Found a shimmering blue altar of Sif Muna.
 11731 | D:8      | Reached ** piety under Hepliaklqana
 11733 | D:8      | Remembered your ancestor Squidly as a hexer
 11878 | D:8      | Noticed a two-headed ogre
 12199 | D:8      | Reached XP level 11. HP: 70/70 MP: 17/17
 12244 | D:8      | Found Tyschyola's Antique Armour Emporium.
 12448 | D:8      | Noticed Maggie
 12458 | D:8      | Killed Maggie
 12807 | D:8      | Noticed a centaur warrior
 12823 | D:8      | Killed a centaur warrior
 13205 | D:8      | Noticed a death knight
 13247 | D:8      | Killed a death knight
 13288 | D:8      | Learned a level 7 spell: Storm Form
 13373 | D:8      | Noticed a deep elf pyromancer
 13388 | D:8      | Killed a deep elf pyromancer
 13397 | D:8      | Upgraded the game from 0.31-a0-175-g9f7f995f2b to
                  | 0.31-a0-177-g4aa6249778
 13482 | D:8      | Noticed a tengu warrior
 13495 | D:8      | Killed a tengu warrior
 13658 | D:8      | Noticed a manticore
 13686 | D:8      | Killed a manticore
 13763 | D:8      | Noticed a boulder beetle
 13779 | D:8      | Killed a boulder beetle
 14317 | D:9      | Reached *** piety under Hepliaklqana
 14394 | D:9      | Identified the +11 hand axe "Vozo" {speed, +Blink rF-
                  | Dex+3}
 14442 | D:9      | Reached skill level 10 in Fighting
 14721 | D:9      | Found Dutoep's Antique Weapon Boutique.
 14807 | D:10     | Entered Level 10 of the Dungeon
 14807 | D:10     | Found Hire's Jewellery Shop.
 14810 | D:10     | Bought a ring of willpower for 325 gold pieces
 15202 | D:10     | Reached XP level 12. HP: 58/78 MP: 10/18
 15213 | D:10     | Reached skill level 5 in Transmutations
 15269 | D:10     | Found a staircase to the Orcish Mines.
 15402 | D:10     | Reached skill level 10 in Unarmed Combat
 16135 | D:11     | You are sucked into a shaft and drop 2 floors!
 16136 | D:13     | Noticed hgbash's ghost (journeyman TrFi)
 16139 | D:13     | Noticed a minotaur
 16399 | D:11     | Reached **** piety under Hepliaklqana
 16468 | D:11     | Found a hazy altar of Hepliaklqana.
 16592 | D:11     | Found a staircase to the Lair.
 16726 | D:11     | Found a frozen archway.
 16736 | IceCv    | Entered an ice cave
 16892 | IceCv    | Learned a level 4 spell: Manifold Assault
 18764 | IceCv    | Noticed a reaper
 18816 | IceCv    | Reached skill level 5 in Stealth
 18981 | IceCv    | Slain by a reaper

Illustrated notes

Levels and vault maps discovered:
D:1:      erik_arrival_blinker_ship, layout_basic, serial_curves,
          eino_curves_01, eino_curves_02
D:2:      layout_rooms
D:3:      layout_basic, vehumet_crystals, uniq_jessica
D:4:      layout_loops_ring, serial_shops, nicolae_shop_pleasant_corner_grove,
          serial_undead, serial_undead_d, serial_undead_d, serial_undead_b,
          serial_undead_e, kennysheep_path_1, minmay_manual_maat
D:5:      kennysheep_windowed_halls, layout_basic, kiku_gazebo_pond_becter,
          uniq_eustachio, uniq_menkaure, uniq_sigmund
D:6:      layout_loops_cross, mainiacjoe_overflow_paths, temple_fountains
D:7:      layout_layer_cave, led_sif_pool, minmay_manual_mullet
D:8:      layout_basic, nicolae_take_the_stairs, minmay_the_grid_2x2
          [minmay_the_grid_spikes, minmay_the_grid_fan, minmay_the_grid_gridbox,
          minmay_the_grid_prize_inner_circle], uniq_maggie
D:9:      layout_gridville, serial_shops, nicolae_shop_back_alley_shop,
          special_room [special_room_orc], dk_vineyard_3, kennysheep_crisscross
D:10:     minmay_spotlight, layout_loops_corners, orc_0_dummy,
          nicolae_stop_n_shop_2
D:11:     lemuel_troll_bridge, layout_basic, minmay_lair_entry_grove,
          portal_ice_cave_entry_ice_simulacra, nicolae_hepliaklqana_hippocampus
D:12:     layout_loops_ring
D:13:     layout_cave_pools, maelrawn_ghost_gauntlet_escape, uniq_snorg
Temple:   mainiacjoe_temple_coin_purse
IceCv:    ice_cave_small_demon

Skill      XL: |  1  2  3  4  5  6  7  8  9 10 11 12 |
---------------+-------------------------------------+-----
Stealth        | 2 3 4 5 |  5.0
Fighting       | 1 3 4 5 7 8 10 11 | 11.8
Summonings     | 1 4 6 7 |  7.0
Spellcasting   | 1 2 3 4 |  4.0
Dodging        | 2 4 5 7 |  7.2
Unarmed Combat | 4 7 9 11 | 11.4
Shields        | 3 4 |  4.0
Transmutations | 4 5 |  5.0
Poison Magic   | 3 |  3.1
Axes           | |  3.0
Maces & Flails | |  3.0
Invocations    | |  1.0
Evocations     | |  3.2

Action                     |  1- 3 |  4- 6 |  7- 9 | 10-12 || total
---------------------------+-------+-------+-------+-------++-------
  Melee: Mace              |    87 |   125 |    59 |       ||   271
         Constrict         |    17 |    33 |    26 |    16 ||    92
         Tentacles         |    12 |    25 |    23 |    18 ||    78
         Punch             |       |     4 |     3 |     8 ||    15
         War axe           |       |       |    45 |    64 ||   109
         Flail             |       |       |     4 |       ||     4
         Unarmed           |       |       |       |   380 ||   380
  Throw: Dart              |       |    13 |     5 |     1 ||    19
         Throwing net      |       |     1 |       |       ||     1
         Boomerang         |       |     7 |    20 |     3 ||    30
   Cast: Call Canine Famil |       |       |   118 |   128 ||   246
         Spider Form       |       |       |       |    72 ||    72
 Invoke: Recall Ancestor   |       |       |       |     9 ||     9
         Ancestor Life: He |       |       |       |     1 ||     1
         Ancestor Identity |       |       |       |     1 ||     1
  Evoke: Piece from Xom's  |       |     3 |     6 |       ||     9
         Wand              |       |       |       |    11 ||    11
    Use: Potion            |       |     2 |     3 |     5 ||    10
         Scroll            |       |     2 |     5 |    11 ||    18
   Stab: Sleeping          |     7 |    12 |     1 |     5 ||    25
         Distracted        |       |       |     1 |    10 ||    11
         Confused          |       |       |       |    12 ||    12
 Armour: Skin              |    11 |     7 |     4 |    23 ||    45
  Dodge: Dodged            |    69 |    55 |    70 |   287 ||   481
  Block: Buckler           |       |       |       |    42 ||    42
         Other             |       |       |       |    60 ||    60
         Reflection        |       |       |       |     9 ||     9

Table legend: (Time is in decaauts)
 A = Elapsed time spent in this place.
 B = Non-inter-level travel time spent in this place.
 C = Inter-level travel time spent in this place.
 D = Time resting spent in this place.
 E = Time spent auto-exploring this place.
 F = Levels seen in this place.
 G = Mean time per level.
                   A        B        C        D        E       F      G
               +--------+--------+--------+--------+--------+-----+--------+
         Total |  19039 |  18213 |    826 |   3280 |   9294 |  15 | 1269.3 |
       Dungeon |  16665 |  15868 |    797 |   1883 |   9103 |  13 | 1281.9 |
        Temple |    146 |    117 |     29 |      0 |    102 |   1 |  146.0 |
      Ice Cave |   2227 |   2227 |      0 |   1397 |     89 |   1 | 2227.0 |
               +--------+--------+--------+--------+--------+-----+--------+

Top non-repeatable levels by time:
     D:5: 3298 daAuts
     D:7: 2340 daAuts
   IceCv: 2227 daAuts
     D:4: 2225 daAuts
     D:8: 2189 daAuts
     D:6: 1343 daAuts
    D:10: 1308 daAuts
     D:3: 1092 daAuts
     D:9: 846 daAuts
     D:1: 777 daAuts
     D:2: 646 daAuts
    D:11: 394 daAuts
    D:12: 191 daAuts
  Temple: 146 daAuts
    D:13: 9 daAuts
